 Dungeon Crawl Stone Soup version 0.31-a0-177-g4aa6249778 (webtiles) character file.

Game seed: 250357362818592998

25 Moral the Trooper (level 2, -3/24 HPs)
             Began as a Mummy Berserker on June 18, 2023.
             Was a Follower of Trog.
             Slain by a hobgoblin (5 damage)
             ... on level 2 of the Dungeon.
             The game lasted 00:01:39 (1191 turns).

Moral the Trooper (Mummy Berserker)                 Turns: 1191, Time: 00:01:39

Health: -3/24      AC:  0    Str: 20    XL:     2   Next: 86%
Magic:  2/2        EV: 12    Int:  6    God:    Trog [*.....]
Gold:   46         SH:  0    Dex: 11    Spells: 1/1 levels left

rFire   x . .        a - +0 hand axe
rCold   + . .        (no shield)
rNeg    + + +        (no body armour)
rPois   ∞            (no helmet)
rElec   .            (no cloak)
rCorr   .            (no gloves)
SInv    .            (no boots)
Will    .....        (no amulet)
Stlth   +            d - ring of flight
HPRegen 0.24/turn    (no ring)
MPRegen 0.08/turn

%: faith
@: flying
A: cold resistance 1, negative energy resistance 3, torment resistance 2, heat
vulnerability 1, no potions, faith
a: Renounce Religion


You were on level 2 of the Dungeon.
You worshipped Trog.
Trog was aware of your devotion.
You visited 1 branch of the dungeon, and saw 2 of its levels.

You collected 46 gold pieces.

Inventory:

Hand Weapons
 a - a +0 hand axe (weapon)
Jewellery
 d - a ring of flight (left hand)
Scrolls
 b - a scroll of teleportation {unknown}
 c - a scroll of noise {unknown}
 e - a scroll of vulnerability {unknown}
 f - a scroll of identify {unknown}


   Skills:
 * Level 3.4 Fighting
 + Level 2.6 Axes
 + Level 1.9 Armour
 + Level 1.9 Dodging


You had one spell level left.
You didn't know any spells.
Your spell library was empty.

Dungeon Overview and Level Annotations

Branches:
Dungeon (2/15)

Altars:

Shops:
D:1 :[*[:


Innate Abilities, Weirdness & Mutations

You are immune to poison.
Your flesh is cold resistant. (rC+)
You are immune to negative energy. (rN+++)
You are immune to unholy pain and torment.
You are vulnerable to heat. (rF-)
You do not drink.
You have a special connection with the divine. (Faith)


Message History

You hit the adder.
The adder barely misses you. x3; The adder bites you.
You are too injured to fight recklessly!
You are too injured to fight recklessly!
You are too injured to fight recklessly!
Okay, then.
Okay, then.
You closely miss the adder.
The adder is moderately wounded.
You hit the adder. The adder closely misses you. The adder misses you.
You barely miss the adder.
The adder is moderately wounded.
You hit the adder. The adder bites you. The adder misses you.
The adder barely misses you. The adder bites you.
You slash the adder!
The adder is almost dead.
You closely miss the adder. The adder barely misses you.
The adder closely misses you.
You closely miss the adder.
The adder is almost dead.
You barely miss the adder. The adder bites you.
* * * LOW HITPOINT WARNING * * *
The adder bites you.
* * * LOW HITPOINT WARNING * * *
The adder closely misses you. The adder bites you.
* * * LOW HITPOINT WARNING * * *
Unknown command.
You barely miss the adder.
The adder is almost dead.
You barely miss the adder. The adder closely misses you. The adder misses you.
You slash the adder!
You kill the adder!
Trog accepts your kill.
You hit the adder. The adder bites you.
* * * LOW HITPOINT WARNING * * *
The adder closely misses you.
You hit the adder but do no damage.
The adder is almost dead.
You hit the hobgoblin. The adder closely misses you.
The goblin closely misses you. The hobgoblin hits you.
You die...

.....# #.!...
#....# #....
.... #..# #gS#
#g@## #...##
.## #....# ..#
#.#.#.# #.#
#..#...#
#.####.###.## #
#.#...#...#.#
#.#.#.##.###.##
#.#>#.....#


You could see an adder, a hobgoblin and a goblin.

Vanquished Creatures
  An adder (D:2)
  A bat (D:1)
  3 endoplasms (D:1)
  4 goblins (D:1)
  A hobgoblin (D:1)
  2 quokkas (D:1)
  A frilled lizard (D:1)
13 creatures vanquished.

Notes
Turn   | Place    | Note
-------+----------+-------------------------------------------
     0 | D:1      | Moral the Mummy Berserker began the quest for the Orb.
     0 | D:1      | Reached XP level 1. HP: 18/18 MP: 1/1
    38 | D:1      | Found Ehuurur's Assorted Antiques.
   324 | D:1      | Reached XP level 2. HP: 14/24 MP: 2/2
   407 | D:1      | Found Hisurchuo's Book Boutique.
   423 | D:1      | Found Ligufuiq's Antique Armour Emporium.
   674 | D:1      | Found Vompu's Antique Armour Shop.
   712 | D:1      | Found Tuifidaicw's Book Boutique.
  1191 | D:2      | Slain by a hobgoblin

Illustrated notes

Levels and vault maps discovered:
D:1:      giann_wishing_wells, layout_loops_corners, serial_shops, shop, shop,
          nicolae_shop_advertising_works [nicolae_subvault_shop_adworks],
          nicolae_square_shop, shop, serial_rivers,
          chequers_serial_rivers_room_a, chequers_serial_rivers_micro_d,
          chequers_serial_rivers_small_a, chequers_serial_rivers_micro_a,
          chequers_serial_rivers_large_b, minivault_19
D:2:      layout_loops_ring

Action                     || total
---------------------------++-------
  Melee: Hand axe          ||    48
 Armour: Animal skin       ||     3
  Dodge: Dodged            ||    39

Table legend: (Time is in decaauts)
 A = Elapsed time spent in this place.
 B = Non-inter-level travel time spent in this place.
 C = Inter-level travel time spent in this place.
 D = Time resting spent in this place.
 E = Time spent auto-exploring this place.
 F = Levels seen in this place.
 G = Mean time per level.
                   A        B        C        D        E       F      G
               +--------+--------+--------+--------+--------+-----+--------+
         Total |   1254 |   1100 |    154 |      0 |    971 |   2 |  627.0 |
       Dungeon |   1254 |   1100 |    154 |      0 |    971 |   2 |  627.0 |
               +--------+--------+--------+--------+--------+-----+--------+

Top non-repeatable levels by time:
     D:1: 1194 daAuts
     D:2: 59 daAuts
